 Dungeon Crawl Stone Soup version 0.28-a0-1142-gc8569940dd (webtiles) character file.

Game seed: 515314375217808362

35 Essalna the Firebug (level 3, 24/24 HPs)
             Began as a Demonspawn Fire Elementalist on Dec 13, 2021.
             Got out of the dungeon alive.
             The game lasted 00:03:10 (1568 turns).

Essalna the Firebug (Demonspawn Fire Elementalist)  Turns: 1568, Time: 00:03:10

Health: 24/24      AC:  2    Str:  8    XL:     3   Next: 16%
Magic:  6/6        EV: 12    Int: 18    God:
Gold:   47         SH:  0    Dex: 13    Spells: 6/7 levels left

rFire   . . .      SeeInvis .   c - +0 dagger
rCold   . . .      Faith    .   (no shield)
rNeg    . . .      Spirit   .   a - +0 robe
rPois   .          Reflect  .   (no helmet)
rElec   .          Harm     .   (no cloak)
rCorr   .          Rampage  .   (no gloves)
Will    .....                   (no boots)
Stlth   ++........              (no amulet)
HPRegen 0.08/turn               (no ring)
MPRegen 0.10/turn               (no ring)

@: no status effects
A: spiny 1, demonic touch 1
a: no special abilities


You escaped.
You visited 1 branch of the dungeon, and saw 2 of its levels.

You collected 47 gold pieces.

Inventory:

Hand Weapons
 c - a +0 dagger (weapon)
Armour
 a - a +0 robe (worn)
Jewellery
 b - a ring of ice
 e - a ring of protection from fire
Scrolls
 d - a scroll of enchant weapon {unknown}
 g - a scroll of magic mapping {unknown}
Potions
 f - a potion of degeneration {unknown}


   Skills:
 - Level 1.7 Dodging
 - Level 1.7 Stealth
 + Level 2.5 Spellcasting
 + Level 1.9 Conjurations
 + Level 3.1 Fire Magic


You had 6 spell levels left.
You knew the following spells:

 Your Spells              Type           Power      Damage    Failure   Level
a - Foxfire               Conj/Fire      44%        2x1d6     6%          1

Your spell library contained the following spells:

 Spells                   Type           Power      Damage    Failure   Level
 Scorch                   Fire           26%        2d6       7%          2
 Conjure Flame            Conj/Fire      11%        6-21      19%         3
 Inner Flame              Hex/Fire       7%         N/A       26%         3
 Flame Wave               Conj/Fire      11%        2d5       52%         4


Dungeon Overview and Level Annotations

Branches:
Dungeon (2/15)

Altars:


Innate Abilities, Weirdness & Mutations

You are partially covered in sharp spines.
Your touch may inflict minor irresistible damage on your foes.


Message History

No target in view!
No target in view!
You see here a frilled lizard corpse.
Key pressed, stopping explore.
f - a fuming white potion You see here a frilled lizard corpse.
A ball python comes into view.
You see here a ball python corpse.
The ball python hisses angrily.
The ball python barely misses you.
You completely miss the ball python.
You touch the ball python.
You kill the ball python!
No target in view!
No target in view!
No target in view!
No target in view!
No target in view!
No target in view!
No target in view!
No target in view!
No target in view!
No target in view!
No target in view!
No target in view!
No target in view!
Things that are here:
a +0 spear; a hobgoblin skeleton
Things that are here:
a +0 spear; a hobgoblin skeleton
g - a scroll labelled RUSHUPA UFOO
There is a stone staircase leading up here.
You climb upwards.
There is a stone staircase leading down here.
There is an open door here.
There is an open door here.
There is an open door here.
There is an open door here.
There is a staircase leading out of the dungeon here.
Are you sure you want to leave the Dungeon?
This will make you lose the game!
You have escaped!

# ########## #.# ##
#.# .# #.# .# #.#
.## #.# ..# #.#
#.################.#
#................#.#
#.....##...##...@#.#
#...............(#.#
#.################.#
#..................#
.......>############
###....## #....#
#....# #....#


There were no monsters in sight!

Vanquished Creatures
  An adder (D:2)
  2 endoplasms (D:2)
  2 goblins
  3 hobgoblins
  2 quokkas (D:1)
  4 ball pythons (D:2)
  3 bats (D:1)
  2 frilled lizards
  3 kobolds (D:1)
  3 rats (D:1)
25 creatures vanquished.

Vanquished Creatures (others)
  77 foxfires
77 creatures vanquished.

Grand Total: 102 creatures vanquished

Notes
Turn   | Place    | Note
-------+----------+-------------------------------------------
     0 | D:1      | Essalna the Demonspawn Fire Elementalist began the quest
                  | for the Orb.
     0 | D:1      | Reached XP level 1. HP: 13/13 MP: 3/3
   439 | D:1      | Gained mutation: You are partially covered in sharp spines.
                  | [demonic ancestry]
   439 | D:1      | Reached XP level 2. HP: 19/19 MP: 1/5
   547 | D:1      | Found a faded altar of an unknown god.
  1000 | D:2      | Reached skill level 3 in Fire Magic
  1324 | D:2      | Gained mutation: Your touch may inflict minor irresistible
                  | damage on your foes. [demonic ancestry]
  1324 | D:2      | Reached XP level 3. HP: 21/24 MP: 1/6
  1568 | D:$      | Got out of the dungeon alive.

Illustrated notes

Levels and vault maps discovered:
D:1:      wheals_arrival_shading, layout_basic,
          chequers_ecumenical_altar_simple_redux
D:2:      layout_basic, uniq_crazy_yiuf_cottage, uniq_jessica

Skill      XL: |  1  2 |
---------------+-------+-----
Fire Magic     | 3 |  3.1
Dodging        | |  1.7
Stealth        | |  1.7
Spellcasting   | |  2.5
Conjurations   | |  1.9

Action                   || total
-------------------------++-------
Melee: Dagger            ||    17
       Unarmed           ||     5
       Touch             ||     1
 Cast: Foxfire           ||    48
 Stab: Sleeping          ||     1
Armor: Robe              ||     6
Dodge: Dodged            ||    29

Table legend: (Time is in decaauts)
 A = Elapsed time spent in this place.
 B = Non-inter-level travel time spent in this place.
 C = Inter-level travel time spent in this place.
 D = Time resting spent in this place.
 E = Time spent auto-exploring this place.
 F = Levels seen in this place.
 G = Mean time per level.
                   A        B        C        D        E       F      G
               +--------+--------+--------+--------+--------+-----+--------+
         Total |   1566 |   1453 |    113 |      0 |   1270 |   2 |  783.0 |
       Dungeon |   1566 |   1453 |    113 |      0 |   1270 |   2 |  783.0 |
               +--------+--------+--------+--------+--------+-----+--------+

Top non-repeatable levels by time:
     D:1: 1057 daAuts
     D:2: 509 daAuts
